AoeStats
← Hadoukenッ

Glade

510878984Analyzed
1v1 RM · 19h ago on Oct 2, 2026· 40m 12s· 2 players
Game mode
Random Map
Map size
Tiny (2 player)
Population
200
Speed
Normal
Resources
Standard
Victory
Conquest
Starting age
Dark Age
Ending age
Imperial Age
RankedLock teamsTeams togetherTeam positionsShared explorationLock speedFull tech treeHidden civsTurbo modeCheats
Victory
Defeat
🇩🇪 Danes · Germany
1000
+54
🇦🇺 Burmese · Australia
1035
-18
Hadoukenッ
5:05 Loom
11:44 Feudal Age
16:57 Castle Age
15:23 Fletching
21:16 Horse Collar
21:23 Double-Bit Axe
24:41 Squires
25:21 Scale Mail Armor
25:32 Forging
28:35 Bow Saw
36:47 Imperial Age
35:11 Wheelbarrow
35:39 Chain Mail Armor
37:20 Sanctity
37:03 Elite Varangian Guard
39:14 Iron Casting
40:29 Conscription
Purple Monkey Dishwasher
7:37 Loom
9:05 Loom
11:20 Feudal Age
12:01 Horse Collar
11:54 Man-at-Arms
12:02 Man-at-Arms
13:15 Arson
13:48 Forging
15:34 Scale Mail Armor
20:44 Castle Age
19:41 Gold Mining
22:18 Squires
22:29 Light Cavalry
24:00 Fletching
24:29 Bloodlines
25:29 Wheelbarrow
24:30 Crossbowman
26:58 Scale Barding Armor
27:33 Devotion
27:44 Redemption
28:17 Town Watch
31:03 Padded Archer Armor
35:05 Imperial Age
35:44 Iron Casting
35:41 Ballistics
35:42 Scale Barding Armor
36:34 Husbandry
37:25 Bodkin Arrow
38:11 Sanctity
38:10 Block Printing
41:45 Blast Furnace
Connection lost

Rejoining the realm…

Still unreachable

The connection could not be restored.

Session expired

The server has moved on; the page needs a fresh start.